 Seeded DCSS version 0.30.1-9-gdf580d7c3d (webtiles) character file.

Game seed: 920673320228942481 (custom seed)

179 Psyclone the Conjurer (level 5, 0/28 HPs)
             Began as a Deep Elf Conjurer on Oct 9, 2023.
             Slain by a centaur (1 damage)
             ... on level 6 of the Dungeon.
             The game lasted 00:00:10 (602 turns).

Psyclone the Conjurer (Deep Elf Conjurer)            Turns: 602, Time: 00:00:10

Health: 0/28       AC:  2    Str:  4    XL:     5   Next: 33%
Magic:  11/11      EV: 12    Int: 25    God:
Gold:   0          SH:  0    Dex: 13    Spells: 7/10 levels left

rFire   . . .        (no weapon)
rCold   . . .        (no shield)
rNeg    . . .        a - +0 robe
rPois   .            (no helmet)
rElec   .            (no cloak)
rCorr   .            (no gloves)
SInv    .            (no boots)
Will    .....        e - amulet of the acrobat
Stlth   ++           (no ring)
HPRegen 0.24/turn    (no ring)
MPRegen 0.12/turn

%: acrobat
@: no status effects
A: no striking features
a: no special abilities


You were on level 6 of the Dungeon.
You visited 1 branch of the dungeon, and saw 6 of its levels.

Inventory:

Armour
 a - a +0 robe (worn)
Jewellery
 e - an amulet of the acrobat (around neck)
Scrolls
 c - 3 scrolls of acquirement {unknown}
Potions
 b - a potion of magic
 d - a potion of lignification {unknown}
 f - a potion of ambrosia {unknown}


   Skills:
 - Level 2.4 Dodging
 - Level 2.4 Stealth
 - Level 3.0 Spellcasting
 + Level 7.3 Conjurations


You had 7 spell levels left.
You knew the following spells:

 Your Spells              Type           Power      Damage    Failure   Level
a - Magic Dart            Conj           100%       1d8       1%          1
b - Searing Ray           Conj           80%        2d7       1%          2

Your spell library contained the following spells:

 Spells                   Type           Power      Damage    Failure   Level
 Dazzling Flash           Conj/Hex       44%        N/A       7%          3
 Stone Arrow              Conj/Erth      44%        3d9       7%          3
 Sandblast                Erth           6%         2d5       10%         1
 Passwall                 Tmut/Erth      2%         N/A       16%         2
 Fulminant Prism          Conj/Hex       11%        3d9       22%         4
 Iskenderun's Mystic Bla  Conj/Tloc      22%        2d6       22%         4


Dungeon Overview and Level Annotations

Branches:
Dungeon (6/15) Zot: 26902
 Temple: D:4-7

Altars:

Annotations:
D:5 Menkaure


Message History

A scorpion comes into view.
A centaur comes into view.
The centaur shouts!
The centaur wields a +0 shortbow.
The centaur shoots an arrow.
The arrow barely misses you.
The centaur shoots an arrow.
The arrow completely misses you.
A bullfrog comes into view.
The bullfrog croaks.
The centaur shoots an arrow.
The arrow closely misses you.
The centaur shoots an arrow.
The arrow misses you.
Found 4 stones.
The centaur shoots an arrow.
The arrow completely misses you. The scorpion misses you.
The bullfrog misses you. The scorpion misses you.
The bullfrog closely misses you.
You hit the bullfrog but do no damage.
The centaur unwields a +0 shortbow.
The centaur closely misses you. x2; The bullfrog misses you.
The scorpion stings you but does no damage.
You hit the bullfrog but do no damage. The bullfrog barely misses you.
The centaur hits you but does no damage.
The centaur kicks you. The scorpion stings you. The centaur closely misses you.
The centaur barely misses you. The bullfrog hits you.
You closely miss the bullfrog. The scorpion barely misses you.
The centaur misses you. x2; The bullfrog closely misses you.
You closely miss the bullfrog. The bullfrog barely misses you.
The centaur hits you. The centaur kicks you. The scorpion stings you.
The centaur barely misses you. The centaur kicks you.
The bullfrog barely misses you. The scorpion stings you.
* * * LOW HITPOINT WARNING * * *
You hit the bullfrog but do no damage. The centaur barely misses you.
The centaur kicks you.
* * * LOW HITPOINT WARNING * * *
The bullfrog closely misses you. The scorpion closely misses you.
You hit the bullfrog.
The bullfrog is lightly wounded.
The bullfrog hits you.
* * * LOW HITPOINT WARNING * * *
The centaur hits you.
* * * LOW HITPOINT WARNING * * *
The centaur kicks you.
You die...

#. #........ #.
#........ ####.#
###.......
##.....##.......#
#............(.##
................#
...........>....#
......F@......<.#
......c.s.............
.(..............######
................#
#................#
##......#..........
######.#.####.....#
#.#.# ##...##


You could see a bullfrog, a centaur and a scorpion.

Vanquished Creatures
  A phantom (D:6)
  A scorpion (D:5)
  A hound (D:4)
  A dart slug (D:1)
  3 orcs (D:4)
  A ball python (D:4)
  An endoplasm (D:3)
9 creatures vanquished.

Notes
Turn   | Place    | Note
-------+----------+-------------------------------------------
     0 | D:1      | Psyclone the Deep Elf Conjurer began the quest for the Orb.
     0 | D:1      | Reached XP level 1. HP: 10/10 MP: 6/6
   164 | D:4      | Noticed a hound
   169 | D:4      | Killed a hound
   170 | D:4      | Reached skill level 5 in Conjurations
   170 | D:4      | Reached XP level 2. HP: 15/15 MP: 2/8
   170 | D:4      | Reached XP level 3. HP: 19/19 MP: 2/9
   391 | D:5      | Entered Level 5 of the Dungeon
   417 | D:5      | Noticed a scorpion
   423 | D:5      | Killed a scorpion
   424 | D:5      | Reached skill level 6 in Conjurations
   424 | D:5      | Reached XP level 4. HP: 24/24 MP: 3/10
   479 | D:5      | Learned a level 2 spell: Searing Ray
   484 | D:5      | Noticed Menkaure
   505 | D:6      | Noticed a phantom
   512 | D:6      | Killed a phantom
   513 | D:6      | Reached skill level 7 in Conjurations
   513 | D:6      | Reached XP level 5. HP: 28/28 MP: 2/11
   592 | D:6      | Noticed a centaur
   602 | D:6      | HP: 1/28 [centaur (3)]
   602 | D:6      | Slain by a centaur

Illustrated notes

Levels and vault maps discovered:
D:1:      dpeg_arrival_orchard, layout_basic
D:2:      layout_loops_corners, uniq_natasha, uniq_crazy_yiuf_cottage
D:3:      layout_basic, serial_shops, nicolae_shop_stone, shop
D:4:      layout_basic, nicolae_figureground_sparkle, uniq_sigmund, uniq_robin,
          uniq_blork_the_orc
D:5:      layout_cave_pools, nicolae_ru_path_of_blood, minmay_quadrilaterals,
          uniq_menkaure, uniq_ijyb
D:6:      cheibrodos_barr_body, layout_rooms, lemuel_doored_altar,
          minmay_temple_entry_large_hall, hangedman_decor_growths,
          minmay_fractal_squares_gapless_5

Skill      XL: |  1  2  3  4 |
---------------+-------------+-----
Conjurations   | 5 6 7 |  7.3
Dodging        | |  2.4
Stealth        | |  2.4
Spellcasting   | |  3.0

Action                     |  1- 3 |  4- 6 || total
---------------------------+-------+-------++-------
  Melee: Unarmed           |       |     6 ||     6
   Cast: Magic Dart        |    22 |     3 ||    25
         Searing Ray       |       |     1 ||     1
 Armour: Robe              |       |     2 ||     2
  Dodge: Dodged            |     1 |    25 ||    26
